 Dungeon Crawl Stone Soup version 0.28-a0-1206-g193881aaa2 (webtiles) character file.

Game seed: 16703584669202622063

259 sanka the Agent of Entropy (level 5, -7/43 HPs)
             Began as a Palentonga Abyssal Knight on Dec 20, 2021.
             Was a Priest of Lugonu.
             Splashed by a jelly's acid (9 damage)
             ... on level 6 of the Dungeon.
             The game lasted 00:04:37 (2622 turns).

sanka the Agent of Entropy (PaAK)                   Turns: 2622, Time: 00:04:37

Health: -7/43      AC: -10   Str: 18    XL:     5   Next: 94%
Magic:  8/8        EV:  9    Int: 11    God:    Lugonu [***...]
Gold:   51         SH:  0    Dex: 10    Spells: 4/4 levels left

rFire   . . .      SeeInvis +   a - +1 falchion
rCold   . . .      Faith    +   (no shield)
rNeg    + . .      Spirit   .   b - +0 leather armour
rPois   .          Reflect  .   (no helmet)
rElec   .          Harm     .   d - +0 cloak
rCorr   .          Rampage  .   (no gloves)
Will    .....                   (no barding)
Stlth   +.........              e - amulet of faith
HPRegen 0.14/turn               c - ring of positive energy
MPRegen 0.11/turn               (no ring)

@: corroded
A: large, rugged brown scales 3, see invisible, deformed body, roll 1, armoured
tail
a: Rolling Charge, Renounce Religion, Depart the Abyss, Bend Space, Banish


You were on level 6 of the Dungeon.
You worshipped Lugonu.
Lugonu was most pleased with you.
You visited 1 branch of the dungeon, and saw 5 of its levels.
You visited the Abyss 1 time.

You collected 51 gold pieces.


Innate Abilities, Weirdness & Mutations

You are completely covered in rugged brown scales. (AC +3, +7% HP)
You have supernaturally acute eyesight. (SInv)
Armour fits poorly on your strangely shaped body.
You can roll at nearby foes to attack.
You have a long armoured tail.


   Skills:
 - Level 3.0 Fighting
 + Level 4.7 Long Blades
 - Level 1.5 Armour
 - Level 0.7 Dodging
 + Level 4.9 Invocations


You had 4 spell levels left.
You didn't know any spells.
Your spell library was empty.

Inventory:

Hand Weapons
 a - a +1 falchion (weapon)
Missiles
 h - 5 silver javelins
Armour
 b - a +0 leather armour (worn)
 d - a +0 cloak (worn)
Jewellery
 c - a ring of positive energy (left hand)
 e - an amulet of faith (around neck)
Scrolls
 f - a scroll of enchant armour
 i - a scroll of blinking
 j - a scroll of fear
 l - 2 scrolls of noise {!r}
Potions
 k - a potion of mutation {unknown}

Dungeon Overview and Level Annotations

Branches:
Dungeon (6/15)
 Temple: D:4-7

Altars:
The Shining One

▒▒.▒▒▒▒▒▒.▒ ▒.........▒
▒▒▒▒..▒▒▒▒▒▒▒▒
▒........▒ ▒▒▒.
▒▒.▒.▒...+ ....▒
▒▒+▒.▒...▒▒▒.... ▒▒▒
▒....▒.....+....
.."..▒▒▒▒....▒..▒.▒▒....
.......H'....▒.<........
......J.▒.......▒▒.▒▒▒▒▒
........▒▒▒▒▒▒..▒▒.▒.▒ ▒
........▒ ▒..▒▒.▒.▒ ▒
.▒▒▒+▒▒▒▒▒▒▒▒▒..▒▒.▒.▒▒▒
................
▒▒▒▒▒▒..▒▒.▒.▒.▒
▒..▒▒.▒.▒.. ▒..▒▒)▒.▒▒.


You could see a jelly.


Message History

The acid corrodes you!
Your hands burn!
You tail-slap the jelly, but do no damage.
The jelly is severely wounded.
The jelly hits you. The acid corrodes you!
You are splashed with acid.
You barely miss the jelly.
The jelly is severely wounded.
The jelly hits you.
You are splashed with acid.
* * * LOW HITPOINT WARNING * * *
You hit the jelly but do no damage.
Your hands burn!
* * * LOW HITPOINT WARNING * * *
You tail-slap the jelly, but do no damage.
The jelly is severely wounded.
The jelly hits you.
* * * LOW HITPOINT WARNING * * *
The acid corrodes you!
You are splashed with acid!
* * * LOW HITPOINT WARNING * * *
Use which ability? (? or * to list)
Aim: a jelly (severely wounded, chance to affect: 88%)
You fail to use your ability.
The jelly hits you.
* * * LOW HITPOINT WARNING * * *
The acid corrodes you!
You are splashed with acid!
You die...

Action                   |  1- 3 |  4- 6 || total
-------------------------+-------+-------++-------
Melee: Falchion          |    80 |    55 ||   135
       Tailslap          |     5 |    14 ||    19
       Unarmed           |       |     2 ||     2
Invok: Banish            |       |     1 ||     1
 Abil: Rolling Charge    |     4 |       ||     4
  Use: Scroll            |       |     5 ||     5
       Potion            |       |     1 ||     1
Armor: Leather armour    |    37 |    20 ||    57
       Skin              |       |     2 ||     2
Dodge: Dodged            |    35 |    33 ||    68

Levels and vault maps discovered:
D:1:      minmay_arrival_plants_in_alcoves, layout_basic,
          hellmonk_ecumenical_altar_pennies_from_heaven, corexii_corridor_pit
D:2:      layout_loops_ring, st_stairs_10, uniq_natasha
D:3:      layout_loops_cross, fedhas_ov_isle_minmay, mainiacjoe_overflow_paths,
          grunt_temple_overflow_open, gammafunk_ghost_gnarly_gnolls,
          uniq_terence
D:5:      layout_loops_ring, serial_shops, shop, wad_floor_pattern_untrapped
D:6:      layout_basic, serial_shops, kennysheep_mini, uniq_blork_the_orc

Notes
Turn   | Place    | Note
-------+----------+-------------------------------------------
     0 | Abyss:1  | sanka the Palentonga Abyssal Knight began the quest for the
                  | Orb.
     0 | Abyss:1  | Reached XP level 1. HP: 19/19 MP: 2/2
    16 | D:1      | Escaped the Abyss
   318 | D:1      | Found a faded altar of an unknown god.
   546 | D:1      | Reached XP level 2. HP: 25/25 MP: 3/3
  1110 | D:2      | Reached XP level 3. HP: 31/31 MP: 5/5
  1184 | D:2      | Reached skill level 3 in Long Blades
  1192 | D:2      | Reached ** piety under Lugonu
  1193 | D:2      | Reached skill level 3 in Invocations
  1399 | D:2      | Noticed Natasha
  1403 | D:2      | Killed Natasha
  1404 | D:2      | Reached XP level 4. HP: 33/37 MP: 6/6
  1455 | D:2      | Noticed Natasha
  1893 | D:3      | Found a glowing golden altar of the Shining One.
  2060 | D:6      | Reached skill level 4 in Long Blades
  2060 | D:6      | Reached skill level 4 in Invocations
  2060 | D:6      | Reached XP level 5. HP: 43/43 MP: 6/8
  2111 | D:6      | Reached *** piety under Lugonu
  2306 | D:5      | Entered Level 5 of the Dungeon
  2621 | D:6      | HP: 4/43 [acid (11)]
  2622 | D:6      | Splashed by a jelly's acid

Vanquished Creatures
  2 hounds
  A jelly (D:6)
  Natasha (D:2)
  5 adders
  A worm (D:2)
  3 orcs (D:3)
  An endoplasm (D:1)
  2 giant cockroaches (D:2)
  6 hobgoblins
  4 quokkas
  6 ball pythons
  5 bats
  4 frilled lizards
  6 goblins
  3 kobolds
  3 rats (D:2)
53 creatures vanquished.
